 Dungeon Crawl Stone Soup version 0.24.0-13-gcf9b319 (webtiles) character file.

Game seed: 10725169501622317666, levelgen mode: deterministic

93 Bronimir the Firebug (level 4, -2/40 HPs)
             Began as an Ogre Fire Elementalist on Apr 14, 2020.
             Slain by an orc
             ... wielding a +0 short sword
              (8 damage)
             ... on level 2 of the Dungeon.
             The game lasted 00:03:14 (1593 turns).

Bronimir the Firebug (Ogre Fire Elementalist)       Turns: 1593, Time: 00:03:14

Health: -2/40      AC:  3    Str: 13    XL:     4   Next: 61%
Magic:  1/8        EV: 10    Int: 16    God:
Gold:   64         SH:  0    Dex:  9    Spells: 6/9 levels left

rFire    . . .     SeeInvis .   b - +0 spear
rCold    . . .     Gourm    .   (no shield)
rNeg     . . .     Faith    .   a - +0 robe
rPois    .         Spirit   .   (helmet restricted)
rElec    .         Reflect  .   (no cloak)
rCorr    .         Harm     .   (gloves unavailable)
MR       .....                  (boots unavailable)
Stlth    +.........             (no amulet)
HPRegen  0.13/turn              n - ring of flight
MPRegen  0.11/turn              (no ring)

@: no status effects
A: large, unfitting armour, tough skin 1
a: Evoke Flight


You were on level 2 of the Dungeon.
You were not hungry.

You visited 1 branch of the dungeon, and saw 2 of its levels.

You collected 64 gold pieces.

Inventory:

Hand Weapons
 b - a +0 spear (weapon)
 m - a +0 hand axe
Missiles
 d - 26 stones (quivered)
 i - 20 poisoned darts
Armour
 a - a +0 robe (worn)
 k - a +0 large shield
Jewellery
 n - a ring of flight (left hand)
Scrolls
 e - 2 scrolls of remove curse {unknown}
 f - a scroll of teleportation {unknown}
 h - a scroll of noise {unknown}
 j - a scroll of identify {unknown}
 l - 2 scrolls of amnesia {unknown}
Potions
 g - a potion of brilliance {unknown}
Comestibles
 c - 2 rations


   Skills:
 + Level 0.9 Fighting
 * Level 1.9 Polearms
 + Level 1.9 Dodging
 - Level 1.4 Stealth
 * Level 3.1 Spellcasting
 * Level 1.4 Conjurations
 * Level 3.4 Fire Magic


You had 6 spell levels left.
You knew the following spells:

 Your Spells              Type           Power        Failure   Level  Hunger
a - Flame Tongue          Conj/Fire      ##...        7%          1    None
b - Throw Flame           Conj/Fire      ##....       10%         2    ##.....

Your spell library contained the following spells:

 Spells                   Type           Power        Failure   Level  Hunger
 Conjure Flame            Conj/Fire      ##......     21%         3    ###....
 Inner Flame              Hex/Fire       #.......     26%         3    ###....
 Sticky Flame             Conj/Fire      ##......     54%         4    ####...
 Fireball                 Conj/Fire      ##........   88%         5    ######.


Dungeon Overview and Level Annotations

Branches:
Dungeon (2/15)

Altars:


Innate Abilities, Weirdness & Mutations

You are too large for most types of armour.
You have tough skin. (AC +1)


Message History

Aiming: Flame Tongue (safe; 7% risk of failure)
Press: ? - help, Shift-Dir - straight line, f - orc, p - orc wizard
Aim: an orc The flame tongue hits the orc.
The orc is heavily wounded.
The orc closely misses you. x2
Casting: Flame Tongue (safe; 7% risk of failure)
Confirm with . or Enter, or press ? or * to list all spells.
Aiming: Flame Tongue (safe; 7% risk of failure)
Press: ? - help, Shift-Dir - straight line, f/p - orc
Aim: an orc (heavily wounded)
The flame tongue hits the orc.
The orc is severely wounded.
The orc hits you but does no damage.
The orc wizard casts a spell.
The orc wizard blinks!
The orc misses you.
You hit the orc priest.
You kill the orc priest!
The orc barely misses you. The orc hits you with a +0 short sword!
You die...

#######
#########
#.....#
#.......#
#.###.#
#.#####.# #.#
#†####.#####.#
#.#
#.........##.#
###.#
######.##.##.###
....#
#.....)...#
#####
#.§..@o.#.# .#
#.#.o##.#.# .#
#.#.....# # .#
#.#.##.o# .# .#.
..o. .# .......
.# ###.#.#.#
...# #... .#
...# #.## .#


You could see 2 orcs.

Vanquished Creatures
  An orc priest (D:2)
  A jelly (D:2)
  An ooze (D:2)
  A worm (D:2)
  A dart slug (D:1)
  2 leopard geckos (D:1)
  A ball python (D:2)
  2 goblins
  A hobgoblin (D:1)
  2 jackals (D:1)
  A quokka (D:2)
  A bat (D:1)
  4 frilled lizards (D:1)
  3 kobolds
  2 rats
24 creatures vanquished.

Notes
Turn   | Place    | Note
-------+----------+-------------------------------------------
     0 | D:1      | Bronimir the Ogre Fire Elementalist began the quest for the
                  | Orb.
     0 | D:1      | Reached XP level 1. HP: 16/16 MP: 3/3
   116 | D:1      | Reached skill level 1 in Conjurations
   342 | D:1      | Reached XP level 2. HP: 18/24 MP: 0/5
   703 | D:1      | Learned a level 2 spell: Throw Flame
  1097 | D:2      | Reached XP level 3. HP: 8/31 MP: 1/7
  1495 | D:2      | Reached skill level 1 in Polearms
  1495 | D:2      | Reached XP level 4. HP: 20/40 MP: 6/8
  1593 | D:2      | Slain by an orc

Levels and vault maps discovered:
D:1:      dpeg_arrival_court, layout_rooms
D:2:      layout_loops_cross, old_standard_altar, trog_hazing_becter,
          uniq_crazy_yiuf_cottage

Skill      XL: |  1  2  3 |
---------------+----------+-----
Conjurations   | 1 |  1.4
Fire Magic     | 3 |  3.4
Polearms       | 1 |  1.9
Spellcasting   | 3 |  3.1
Fighting       | |  0.9
Dodging        | |  1.9
Stealth        | |  1.4

Action                   |  1- 3 |  4- 6 || total
-------------------------+-------+-------++-------
Melee: Spear             |    75 |     5 ||    80
 Cast: Flame Tongue      |    16 |     9 ||    25
 Stab: Sleeping          |     3 |     1 ||     4
  Eat: Ration            |       |     1 ||     1
Armor: Robe              |    16 |     3 ||    19
Dodge: Dodged            |    44 |     7 ||    51
